 Dungeon Crawl Stone Soup version 0.19.4-8-ga85b6b9 (webtiles) character file.

0 Gargoyl the Skirmisher (level 1, -3/17 (19) HPs)
             Began as a Ghoul Abyssal Knight on Feb 10, 2017.
             Was a Follower of Lugonu.
             Slain by a spatial maelstrom (10 damage)
             ... on level 1 of the Abyss.
             The game lasted 00:00:30 (220 turns).

Gargoyl the Skirmisher (Ghoul Abyssal Knight)        Turns: 220, Time: 00:00:30

HP:   -3/17 (19)    AC:  6    Str: 15    XL:     1   Next: 0%
MP:   1/1           EV:  9    Int:  7    God:    Lugonu [*.....]
Gold: 11            SH:  0    Dex:  8    Spells: 0 memorised, 0 levels left

rFire  . . .     SeeInvis .     a - +1 hand axe
rCold  + . .     Gourm    .     d - +0 scale mail
rNeg   + + +     Faith    .     (no shield)
rPois  ∞         Spirit   .     (no helmet)
rElec  .         Reflect  .     (no cloak)
rCorr  .         Harm     .     (no gloves)
MR     .....                    (no boots)
Stlth  ..........               (no amulet)
                                (no ring)
                                (no ring)

@: rotting
A: rotting body, claws 1, carnivore 3, cold resistance 1, negative energy
resistance 3, slow regeneration 1, torment resistance, unbreathing
a: Depart the Abyss, Renounce Religion


You were on level 1 of the Abyss.
You worshipped Lugonu.
Lugonu was aware of your devotion.
You were not hungry.

You visited 0 branches of the dungeon, and saw 0 of its levels.
You visited the Abyss 1 time.

You collected 11 gold pieces.

Inventory:

Hand Weapons
 a - a +1 hand axe (weapon)
Armour
 b - a +0 leather armour
 d - a +0 scale mail (worn)
Comestibles
 c - a meat ration


   Skills:
 + Level 3.2 Fighting
 + Level 1.7 Axes
 + Level 1.7 Armour
 + Level 0.8 Dodging
 + Level 2.0 Invocations


You couldn't memorise any spells.
You didn't know any spells.

Dungeon Overview and Level Annotations

Branches:
Dungeon (0/15)

Altars:


Innate Abilities, Weirdness & Mutations

Your body is rotting away.
You thrive on raw meat.
You are immune to poison.
You have sharp fingernails.
You are carnivorous and can eat meat at any time.
Your flesh is cold resistant. (rC+)
You are immune to negative energy. (rN+++)
You regenerate slowly when monsters are visible.
You are immune to unholy pain and torment.
You can survive without breathing.


Message History

The lurking horror explodes!
You feel a surge of unholy energy.
A quasit comes into view.
A spatial vortex comes into view.
A spatial vortex comes into view.
A spatial vortex comes into view.
The spatial vortex moves out of view.
A spatial maelstrom comes into view. 2 spatial vortices come into view.
The spatial vortex moves out of view.
A neqoxec comes into view.
The neqoxec shouts!
The spatial maelstrom hits you! Space bends around you.
The spatial maelstrom misses you.
A large abomination comes into view.
The neqoxec hits you but does no damage.
The spatial maelstrom barely misses you.
The spatial maelstrom hits you!
Ouch! That really hurt!
You die...

. #.. .#. ##### #.
.#.##..#..# .. # . .
#.#.#.# . . # ..##.##
.. # # . .###.###. #
. #.###..#####..#..
.# ##...###...###.#
..#
..#....3#.....#..#.#
. .......@v.........#
.#
..................#
..
..................#
..#.....#.....#...# .
##...###..v###.....
#X... #.....#...#...
...............v##.##
................. #
... ..... .....#


You could see a spatial maelstrom, a spatial vortex, a large abomination and a
neqoxec.

Vanquished Creatures
  A lurking horror (Abyss:1)
1 creature vanquished.

Notes
Turn   | Place    | Note
-------+----------+-------------------------------------------
     0 | Abyss:1  | Gargoyl the Ghoul Abyssal Knight began the quest for the Orb.
     0 | Abyss:1  | Reached XP level 1. HP: 19/19 MP: 1/1
    65 | Abyss:1  | Found a sacrificial altar of Ru.
   103 | Abyss:1  | Found a corrupted altar of Lugonu.
   141 | Abyss:1  | Noticed a large abomination
   205 | Abyss:1  | Noticed a quasit
   212 | Abyss:1  | Noticed a spatial vortex
   213 | Abyss:1  | Noticed a spatial vortex
   213 | Abyss:1  | Noticed a spatial vortex
   215 | Abyss:1  | Noticed a spatial maelstrom
   217 | Abyss:1  | Noticed a spatial vortex
   217 | Abyss:1  | Noticed a spatial vortex
   218 | Abyss:1  | Noticed a neqoxec
   219 | Abyss:1  | Noticed a large abomination
   220 | Abyss:1  | Slain by a spatial maelstrom

Action                   || total
-------------------------++-------
Melee: Hand axe          ||     1
Armor: Scale mail        ||     1
Dodge: Dodged            ||     2
